 Dungeon Crawl Stone Soup version 0.19.1-1-g22dce08 (webtiles) character file.

279 Gargoyl the Skirmisher (level 6, -6/52 HPs)
             Began as a Ghoul Abyssal Knight on Jan 11, 2017.
             Was a Believer of Lugonu.
             Mangled by an ogre
             ... wielding a +0 giant club
              (16 damage)
             ... on level 4 of the Dungeon.
             The game lasted 00:07:17 (2657 turns).

Gargoyl the Skirmisher (Ghoul Abyssal Knight)       Turns: 2657, Time: 00:07:18

Health: -6/52      AC: 12    Str: 16    XL:     6   Next: 26%
Magic:  7/7        EV:  4    Int:  7    God:    Lugonu [**....]
Gold:   115        SH:  8    Dex: 10    Spells: 0 memorised, 5 levels left

rFire  . . .     SeeInvis .     a - +1 hand axe
rCold  + . .     Gourm    .     t - +3 chain mail {MR+}
rNeg   + + +     Faith    .     d - +0 shield
rPois  ∞         Spirit   .     (no helmet)
rElec  .         Reflect  .     (no cloak)
rCorr  .         Harm     .     (no gloves)
MR     +....                    (no boots)
Stlth  ..........               (no amulet)
                                (no ring)
                                (no ring)

@: rotting
A: rotting body, claws 1, carnivore 3, cold resistance 1, negative energy
resistance 3, slow regeneration 1, torment resistance, unbreathing
a: Depart the Abyss, Bend Space, Renounce Religion


You were on level 4 of the Dungeon.
You worshipped Lugonu.
Lugonu was pleased with you.
You were not hungry.

You visited 1 branch of the dungeon, and saw 4 of its levels.
You visited the Abyss 1 time.

You collected 115 gold pieces.

Inventory:

Hand Weapons
 a - a +1 hand axe (weapon)
Missiles
 l - 6 javelins (quivered)
Armour
 d - a +0 shield (worn)
 t - a +3 chain mail of magic resistance (worn)
Wands
 s - a wand of heal wounds (3/9)
Scrolls
 b - a scroll of enchant weapon {unknown}
 e - a scroll of fear {unknown}
 h - a scroll of enchant armour {unknown}
 i - 2 scrolls of teleportation {unknown}
 j - 2 scrolls of identify {unknown}
 m - a scroll of amnesia {unknown}
 n - a scroll of random uselessness {unknown}
 r - a scroll of recharging {unknown}
 x - 2 scrolls of remove curse {unknown}
Potions
 f - 2 potions of might {unknown}
 g - a potion of lignification {unknown}
 k - a potion of invisibility {unknown}
 p - a potion of curing {unknown}
 q - a potion of resistance {unknown}
 u - a potion of mutation {unknown}
 v - a potion of flight {unknown}
 w - a potion of agility {unknown}
 z - a potion of magic {unknown}
Comestibles
 c - 4 meat rations
 o - 3 chunks of flesh


   Skills:
 + Level 4.1 Fighting
 + Level 3.0 Axes
 * Level 3.6 Armour
 + Level 1.1 Dodging
 + Level 1.8 Shields
 * Level 3.0 Invocations


You had 5 spell levels left.
You didn't know any spells.

Dungeon Overview and Level Annotations

Branches:
Dungeon (4/15)
 Temple: D:4-7

Altars:


Innate Abilities, Weirdness & Mutations

Your body is rotting away.
You thrive on raw meat.
You are immune to poison.
You have sharp fingernails.
You are carnivorous and can eat meat at any time.
Your flesh is cold resistant. (rC+)
You are immune to negative energy. (rN+++)
You regenerate slowly when monsters are visible.
You are immune to unholy pain and torment.
You can survive without breathing.


Message History

You block the ogre's attack.
You hit the ogre.
The ogre is severely wounded.
The ogre hits you with a giant club!
You hit the ogre.
The ogre is severely wounded.
The ogre hits you with a giant club!
* * * LOW HITPOINT WARNING * * *
You hit the ogre but do no damage.
The ogre is severely wounded.
The ogre hits you with a giant club.
* * * LOW HITPOINT WARNING * * *
Your chain mail prevents you from hitting the ogre.
The ogre is severely wounded.
The ogre hits you with a giant club.
* * * LOW HITPOINT WARNING * * *
You hit the ogre.
The ogre is almost dead.
The ogre hits you with a giant club!
You die...

#########.# #....@O"..#
#.######### ##### #.#
.#.... #.###### .#....
#......#########.#....
######.##........#....
######.##........#....
.......................
#.#####.#..............


You could see an ogre.

Vanquished Creatures
  4 orc wizards
  Ijyb (D:3)
  4 gnolls (D:3)
  2 adders (D:3)
  2 worms
  2 dart slugs
  3 leopard geckos
  9 orcs
  6 giant cockroaches
  7 goblins
  6 hobgoblins
  A ball python (D:2)
  6 bats
  5 frilled lizards
  5 kobolds
  3 rats
66 creatures vanquished.

Notes
Turn   | Place    | Note
-------+----------+-------------------------------------------
     0 | Abyss:1  | Gargoyl the Ghoul Abyssal Knight began the quest for the Orb.
     0 | Abyss:1  | Reached XP level 1. HP: 19/19 MP: 1/1
    92 | Abyss:1  | Noticed a worldbinder
    93 | Abyss:1  | Noticed a dream sheep
    93 | Abyss:1  | Noticed a blink frog
    93 | Abyss:1  | Noticed a blink frog
    93 | D:1      | Escaped the Abyss
   169 | D:1      | Reached XP level 2. HP: 14/26 MP: 2/2
   414 | D:1      | Reached * piety under Lugonu
   569 | D:1      | Reached XP level 3. HP: 29/33 MP: 3/3
  1559 | D:3      | Noticed Ijyb
  1598 | D:3      | Killed Ijyb
  1598 | D:3      | Reached skill level 1 in Dodging
  1598 | D:3      | Reached XP level 4. HP: 26/40 MP: 4/4
  1676 | D:2      | Reached skill level 4 in Fighting
  1684 | D:2      | Reached skill level 1 in Shields
  1684 | D:2      | Reached XP level 5. HP: 23/46 MP: 5/5
  1800 | D:3      | Reached ** piety under Lugonu
  1945 | D:3      | Reached XP level 6. HP: 51/52 MP: 7/7
  2657 | D:4      | Mangled by an ogre

Skill      XL: |  1  2  3  4  5  6 |
---------------+-------------------+-----
Armour         | 2 3 |  3.6
Axes           | 2 3 |  3.0
Dodging        | 1 |  1.1
Fighting       | 4 |  4.1
Shields        | 1 |  1.8
Invocations    | 3 |  3.0

Action                   |  1- 3 |  4- 6 || total
-------------------------+-------+-------++-------
Melee: Hand axe          |   146 |   179 ||   325
Throw: Javelin           |     2 |       ||     2
Invok: Depart the Abyss  |     1 |       ||     1
  Eat: Chunk             |    16 |    31 ||    47
Armor: Leather armour    |     3 |       ||     3
       Ring mail         |    29 |       ||    29
       Plate armour      |    42 |     1 ||    43
       Chain mail        |       |   136 ||   136
Dodge: Dodged            |    42 |    29 ||    71
Block: Shield            |    58 |    79 ||   137
